 Dungeon Sprint DCSS version 0.31-a0-875-g02e7d12df6 (webtiles) character file.

Game seed: 5055903840162384341

90 rocky1 the Covert (level 4, -20/33 HPs)
             Began as a Formicid Brigand on Oct 12, 2023.
             Killed from afar by an oklob sapling priest (30 damage)
             ... with a splash of acid
             ... in the Dungeon (Sprint IV: "Fedhas' Mad Dash").
             The game lasted 00:01:23 (62 turns).

rocky1 the Covert (Formicid Brigand)                  Turns: 62, Time: 00:01:24

Health: -20/33     AC:  3    Str: 16    XL:     4   Next: 85%
Magic:  4/4        EV: 11    Int: 10    God:
Gold:   63         SH:  0    Dex: 17    Spells: 3/3 levels left

rFire   . . .        a - +2 dagger
rCold   . . .        (no shield)
rNeg    . . .        b - +0 robe
rPois   .            (helmet unavailable)
rElec   .            c - +0 cloak
rCorr   .            (no gloves)
SInv    +            (no boots)
Will    .....        (no amulet)
Stlth   +++++        (no ring)
HPRegen 0.25/turn    (no ring)
MPRegen 0.09/turn

%: no passive effects
@: no status effects
A: permanent stasis, dig shafts and tunnels, antennae 3, four strong arms
a: Dig


You were in the Dungeon.
You visited 1 branch You collected 63 gold pieces.

Inventory:

Hand Weapons
 a - a +2 dagger (weapon)
Missiles
 d - 9 poisoned darts
 e - 3 curare-tipped darts (quivered)
Armour
 b - a +0 robe (worn)
 c - a +0 cloak (worn)
Jewellery
 i - the amulet of invisibility {+Inv}
   (You found it in the Dungeon)

   [amulet of nothing]

   +Inv:      It lets you turn invisible.
Potions
 f - a potion of curing
 g - a potion of heal wounds
 h - 2 potions of magic
 j - a potion of enlightenment {unknown}


   Skills:
 - Level 2.1 Fighting
 - Level 2.0 Short Blades
 - Level 2.0 Throwing
 - Level 0.8 Dodging
 + Level 12.1 Stealth


You had 3 spell levels left.
You didn't know any spells.
Your spell library contained the following spells:

 Spells                   Type           Power      Damage    Failure   Level
 Tukima's Dance           Hex            0%         N/A       75%         3
 Passage of Golubria      Tloc           0%         N/A       98%         4
 Yara's Violent Unravell  Hex/Tmut       0%         3d3       100%        5


Dungeon Overview and Level Annotations

Branches:
Dungeon (1/1)

Altars:
Cheibriados
Dithmenos
Elyvilon
Gozag
Hepliaklqana
Kikubaaqudgha
Makhleb
Nemelex Xobeh
Okawaru
Qazlal
Ru
Sif Muna
Trog
Uskayaw
Vehumet
Wu Jian
Xom
Yredelemnul
Zin
The Shining One
Jiyva
Lugonu

Annotations:
D exclusion: oklob sapling


Innate Abilities, Weirdness & Mutations

You cannot be hasted, slowed, berserked, paralysed or teleported.
You can dig through walls and to a lower floor.
You have a pair of large antennae on your head. (SInv)
Your four strong arms can wield two-handed weapons with a shield.


Message History

The helpless scorpion fails to defend itself.
You spit the scorpion like a pig!!!
You kill the scorpion!
Your Stealth skill gained 3 levels and is now at level 12!
You have reached level 4!
You feel stronger.
i - the amulet of invisibility {+Inv} You see here a scorpion corpse.
j - a metallic pink potion You now have 24 gold pieces (gained 13).
You now have 42 gold pieces (gained 18).
You now have 47 gold pieces (gained 5).
You now have 63 gold pieces (gained 16).
You pick up Great Wizards, Vol.
VII and begin reading...
You add the spells Tukima's Dance, Passage of Golubria and Yara's Violent Unravelling to your library.
Unknown command.
You open the door.
Found ten altars.
An oklob sapling priest comes into view.
Found three altars.
Marking area around an oklob sapling priest as unsafe for travelling.
There is an open door here.
Found three altars.
The oklob sapling priest looks encouraged for a moment.
No reachable target in view!
Found two altars.
The oklob sapling priest invokes the aid of its god against you.
Something smites you!
No reachable target in view!
Unknown command.
Found three altars.
The oklob sapling priest miscasts a cantrip.
Found a radiant altar of Vehumet and a corrupted altar of Lugonu.
The oklob sapling priest invokes the aid of its god against you.
Something smites you!
There is a burning altar of Makhleb here.
The oklob sapling priest spits acid at you.
The splash of acid hits you!!
Ouch! That really hurt!
You die...

########################
.....#.....#.⌠._._._._.⌠
.....'.#...'.._._._._._.
...†.#.#†..#..._@_P_._..
#########+##.._._._._._.
#._._._._._.⌠ {
############# { { {


You could see an oklob sapling priest.

Vanquished Creatures
  A scorpion (D)
  An oklob sapling (D)
  A river rat (D)
  A rat (D)
4 creatures vanquished.

Notes
Turn   | Place    | Note
-------+----------+-------------------------------------------
     0 | D        | rocky1 the Formicid Brigand began the quest for the Orb.
     0 | D        | Reached XP level 1. HP: 16/16 MP: 1/1
     6 | D        | Reached skill level 7 in Stealth
     6 | D        | Reached XP level 2. HP: 22/22 MP: 2/2
    23 | D        | Noticed an oklob sapling
    25 | D        | Killed an oklob sapling
    26 | D        | Reached skill level 9 in Stealth
    26 | D        | Reached XP level 3. HP: 27/27 MP: 3/3
    30 | D        | Noticed a scorpion
    30 | D        | Found the amulet of invisibility {+Inv}
    32 | D        | Killed a scorpion
    33 | D        | Reached skill level 12 in Stealth
    33 | D        | Reached XP level 4. HP: 33/33 MP: 4/4
    56 | D        | Found an opulent altar of Gozag.
    56 | D        | Found a hazy altar of Hepliaklqana.
    56 | D        | Found a burning altar of Makhleb.
    56 | D        | Found a sparkling altar of Nemelex Xobeh.
    56 | D        | Found a snail-covered altar of Cheibriados.
    56 | D        | Found a sacrificial altar of Ru.
    56 | D        | Found a shimmering blue altar of Sif Muna.
    56 | D        | Found a shimmering altar of Xom.
    56 | D        | Found a basalt altar of Yredelemnul.
    57 | D        | Found a viscous altar of Jiyva.
    57 | D        | Found a bloodstained altar of Trog.
    57 | D        | Found an ornate altar of the Wu Jian Council.
    57 | D        | Noticed an oklob sapling priest
    58 | D        | Found an iron altar of Okawaru.
    58 | D        | Found a shadowy altar of Dithmenos.
    58 | D        | Found a glowing silver altar of Zin.
    59 | D        | Found an ancient bone altar of Kikubaaqudgha.
    59 | D        | Found a hide-covered altar of Uskayaw.
    60 | D        | Found a stormy altar of Qazlal.
    60 | D        | Found a glowing golden altar of the Shining One.
    60 | D        | Found a white marble altar of Elyvilon.
    61 | D        | Found a radiant altar of Vehumet.
    61 | D        | Found a corrupted altar of Lugonu.
    62 | D        | Killed from afar by an oklob sapling priest

Illustrated notes

Levels and vault maps discovered:
D:        dungeon_sprint_fedhas [sprint_temple]

Skill      XL: |  1  2  3 |
---------------+----------+-----
Stealth        | 7 9 12 | 12.1
Fighting       | |  2.1
Short Blades   | |  2.0
Throwing       | |  2.0
Dodging        | |  0.8

Action                     |  1- 3 |  4- 6 || total
---------------------------+-------+-------++-------
  Melee: Dagger            |     5 |       ||     5
  Throw: Dart              |     1 |       ||     1
   Stab: Sleeping          |     2 |       ||     2
 Armour: Robe              |     1 |     1 ||     2
  Dodge: Dodged            |     1 |       ||     1

Table legend: (Time is in decaauts)
 A = Elapsed time spent in this place.
 B = Non-inter-level travel time spent in this place.
 C = Inter-level travel time spent in this place.
 D = Time resting spent in this place.
 E = Time spent auto-exploring this place.
 F = Levels seen in this place.
 G = Mean time per level.
                   A        B        C        D        E       F      G
               +--------+--------+--------+--------+--------+-----+--------+
         Total |     61 |     61 |      0 |      0 |      0 |   1 |   61.0 |
       Dungeon |     61 |     61 |      0 |      0 |      0 |   1 |   61.0 |
               +--------+--------+--------+--------+--------+-----+--------+

Top non-repeatable levels by time:
       D: 61 daAuts
